 Dungeon Crawl Stone Soup version 0.23.1 (webtiles) character file.

Game seed: 12638189554021150346

44 Borgoz the Sneak (level 3, 0/27 (28) HPs)
             Began as a Ghoul Enchanter on Mar 8, 2019.
             Slain by a bullfrog (2 damage)
             ... on level 2 of the Dungeon.
             The game lasted 00:03:41 (1600 turns).

Borgoz the Sneak (Ghoul Enchanter)                  Turns: 1600, Time: 00:03:42

HP:   0/27 (28)     AC:  2    Str: 11    XL:     3   Next: 60%
MP:   0/4           EV: 12    Int: 15    God:
Gold: 61            SH:  0    Dex: 10    Spells: 2/5 levels left

rFire    . . .     SeeInvis .   a - +1 dagger
rCold    + . .     Gourm    .   (no shield)
rNeg     + + +     Faith    .   i - +0 robe (curse)
rPois    ∞         Spirit   .   (no helmet)
rElec    .         Reflect  .   (no cloak)
rCorr    .         Harm     .   (no gloves)
MR       .....                  (no boots)
Stlth    ++........             (no amulet)
HPRegen  0.00/turn              (no ring)
MPRegen  0.09/turn              (no ring)

@: brilliant, very slightly contaminated, rotting
A: rotting body, claws 1, carnivore, cold resistance 1, negative energy
resistance 3, inhibited regeneration, torment resistance, unbreathing
a: no special abilities


You were on level 2 of the Dungeon.
You were not hungry.

You visited 1 branch of the dungeon, and saw 3 of its levels.

You collected 61 gold pieces.

Inventory:

Hand Weapons
 a - a +1 dagger (weapon)
Missiles
 e - 13 poisoned needles
Armour
 f - a scarf of cloud immunity
 i - a cursed +0 robe (worn)
Wands
 j - a wand of flame (16)
Potions
 g - a potion of haste
 h - a potion of curing {unknown}
 l - a potion of agility {unknown}
Comestibles
 d - 4 rations


   Skills:
 + Level 1.0 Fighting
 + Level 1.5 Short Blades
 + Level 2.9 Dodging
 - Level 3.2 Stealth
 - Level 1.7 Spellcasting
 - Level 2.4 Hexes
 + Level 0.2 Ice Magic


You had 2 spell levels left.
You knew the following spells:

 Your Spells              Type           Power        Failure   Level  Hunger
a - Corona                Hex            ###....      1%          1    ##.....
b - Ensorcelled Hibernat  Hex/Ice        ##....       2%          2    ###....

Your spell library contained the following spells:

 Spells                   Type           Power        Failure   Level  Hunger
 Confuse                  Hex            ###.....     3%          3    ####...
 Tukima's Dance           Hex            ###.....     3%          3    ####...
 Dazzling Spray           Conj/Hex       ##....       4%          3    ####...


Dungeon Overview and Level Annotations

Branches:
Dungeon (3/15)

Altars:


Innate Abilities, Weirdness & Mutations

Your body is rotting away.
You thrive on raw meat.
You are immune to poison.
You have sharp fingernails.
You are carnivorous and can eat meat at any time.
Your flesh is cold resistant. (rC+)
You are immune to negative energy. (rN+++)
You do not regenerate when monsters are visible.
You are immune to unholy pain and torment.
You can survive without breathing.


Message History

You miscast Ensorcelled Hibernation.
You are very lightly contaminated with residual magic.
A chill runs through your body.
The adder hisses angrily.
The bullfrog hits you. The bullfrog closely misses you. The adder bites you. x2
There is a stone staircase leading up here.
You can't go down here!
The bullfrog hits you.
* * * LOW HITPOINT WARNING * * *
The adder completely misses you. The bullfrog barely misses you.
You climb upwards.
There is a stone staircase leading down here.
You aren't carrying any scrolls.
It was a potion of brilliance.
You feel clever all of a sudden. The adder bites you.
* * * LOW HITPOINT WARNING * * *
The bullfrog hits you.
You die...

###### #....#
#########....# .
......S@.....#
..########F<.>.#
#...## ##.....#
#...###..#####
#(....## ###...#
#########.#.###
.....(....#...#
########)....##


You could see a bullfrog and an adder.

Vanquished Creatures
  Robin (D:3)
  An ooze (D:2)
  An orc (D:3)
  5 bats
  4 giant cockroaches
  10 goblins
  A hobgoblin (D:1)
  3 kobolds
  2 frilled lizards (D:1)
  2 rats
30 creatures vanquished.

Vanquished Creatures (others)
  A goblin (D:3)
1 creature vanquished.

Grand Total: 31 creatures vanquished

Notes
Turn   | Place    | Note
-------+----------+-------------------------------------------
     0 | D:1      | Borgoz the Ghoul Enchanter began the quest for the Orb.
     0 | D:1      | Reached XP level 1. HP: 14/14 MP: 2/2
    59 | D:1      | Reached skill level 1 in Short Blades
   267 | D:1      | Reached XP level 2. HP: 20/20 MP: 3/3
   942 | D:2      | Reached XP level 3. HP: 23/27 MP: 4/4
  1128 | D:2      | Learned a level 2 spell: Ensorcelled Hibernation
  1199 | D:3      | Reached skill level 1 in Fighting
  1332 | D:3      | Noticed Robin
  1360 | D:3      | Killed Robin
  1592 | D:3      | Noticed a bullfrog
  1600 | D:2      | Slain by a bullfrog

Skill      XL: |  1  2  3 |
---------------+----------+-----
Dodging        | 2 |  2.9
Short Blades   | 1 |  1.5
Fighting       | 1 |  1.0
Stealth        | |  3.2
Spellcasting   | |  1.7
Hexes          | |  2.4
Ice Magic      | |  0.2

Action                   || total
-------------------------++-------
Melee: Dagger            ||   134
 Cast: Corona            ||     1
       Ensorcelled Hiber ||     3
  Use: Scroll            ||     5
       Potion            ||     2
 Stab: Sleeping          ||     4
       Invisible         ||     1
  Eat: Chunk             ||    14
Armor: Robe              ||    33
Dodge: Dodged            ||    93
